cohdb
Replays
Latest Replays
All Replays
Popular Replays
Top Player Replays
Match Explorer
How It Works
Community
CoH3 Stats
Reddit
Sign in to upload your games and track your stats! →
Sign in with Steam
Match 44243007
Unlisted
Match 44243007
Overview
Messages
Build Orders
End
Pioneer Squad
Construct Infanterie Kompanie
MG 42 Machine Gun Team
Selects Terror Battlegroup
Selects Machine Gun Camouflage
Grenadier Squad
MG 42 Machine Gun Team
Grenadier Squad
Infanterie Officer Quarters
Selects Contempt for the Weak
Construct Luftwaffe Kompanie
Jäger Squad
Jäger Squad
Support Elements
Selects No Quarter
Grenadier Squad
Symbiosis
*Mule
Rei
Nicko
0
0
Comments
sign in to comment!
No comments posted yet!